 Dungeon Crawl Stone Soup version 0.30-a0-782-ge64f9170bb (webtiles) character file.

Game seed: 740537022226434956

76290 Flugslaktarn the Severer (level 15, -7/137 HPs)
             Began as a Minotaur Fighter on Feb 18, 2023.
             Was a High Priest of Okawaru.
             Mangled by Agnes
             ... wielding a +0 lajatang
              (18 damage)
             ... on level 15 of the Dungeon.
             The game lasted 00:11:43 (18352 turns).

Flugslaktarn the Severer (Minotaur Fighter)        Turns: 18352, Time: 00:11:43

Health: -7/137     AC: 25    Str: 41    XL:     15   Next: 12%
Magic:  14/21      EV: 12    Int: 13    God:    Okawaru [*****.]
Gold:   1104       SH: 15    Dex: 10    Spells: 14/14 levels left

rFire   . . .      SeeInvis +    M - +4 war axe of the Lame Duck {flame, rElec rF- rC+}
rCold   + . .      Faith    .    N - +2 buckler of Brilliance {Regen+}
rNeg    + . .      Spirit   .    c - +0 plate armour of the World {Str+3 Slay+2}
rPois   .          Reflect  +    I - +1 hat of Cowardice {rElec Will+ Int+5}
rElec   +          Harm     .    (no cloak)
rCorr   .          Rampage  .    y - +2 pair of gloves
Will    ++...      NoTele   +    J - +0 pair of boots of Wasted Space {-Tele rF+ SInv} Stlth
                                 G - amulet "Doatz" {Reflect rN+ Int+3 Slay+4 SH+5}
HPRegen 1.22/turn                v - +6 ring of strength
MPRegen 0.17/turn                o - +6 ring of strength

@: heroic, finesse-ful
A: horns 2, retaliatory headbutt, clumsy 1, sturdy frame 1
a: Renounce Religion, Heroism, Finesse, Duel


You were on level 15 of the Dungeon.
You worshipped Okawaru.
Okawaru was extremely pleased with you.
You visited 2 branches of the dungeon, and saw 20 of its levels.
You also visited: Sewer.

You collected 1531 gold pieces.
You spent 427 gold pieces at shops.

Inventory:

Hand Weapons
 a - a +1 war axe
 M - the +4 war axe of the Lame Duck (weapon) {flame, rElec rF- rC+}
   (You found it on level 14 of the Dungeon)

   rF:        It makes you vulnerable to fire.
   rC:        It protects you from cold.
   rElec:     It insulates you from electricity.
Missiles
 s - a throwing net (quivered)
Armour
 c - the +0 plate armour of the World (worn) {Str+3 Slay+2}
   (Okawaru gifted it to you on level 10 of the Dungeon)

   Str:       It affects your strength (+3).
   Slay:      It affects your accuracy & damage with ranged weapons and melee
   (+2).
 e - a +0 pair of boots
   (You found it on level 5 of the Dungeon)
 u - the +1 chain mail "Vuust" {rPois MP+9 Dex+2}
   (You bought it in a shop on level 5 of the Dungeon)

   Dex:       It affects your dexterity (+2).
   rPois:     It protects you from poison.
   MP:        It affects your magic capacity (+9).
 y - a +2 pair of gloves (worn)
   (You found it on level 12 of the Dungeon)
 I - the +1 hat of Cowardice (worn) {rElec Will+ Int+5}
   (You acquired it on level 1 of the Lair of Beasts)

   Int:       It affects your intelligence (+5).
   rElec:     It insulates you from electricity.
   Will:      It increases your willpower.
 J - the +0 pair of boots of Wasted Space (worn) {-Tele rF+ SInv}
   (Okawaru gifted it to you on level 4 of the Lair of Beasts)

   rF:        It protects you from fire.
   SInv:      It lets you see invisible.
   -Tele:     It prevents most forms of teleportation.
 N - the +2 buckler of Brilliance (worn) {Regen+}
   (Okawaru gifted it to you on level 7 of the Dungeon)

   Regen:     It increases your rate of health regeneration.
Jewellery
 k - a ring of resist corrosion
   (You found it on level 3 of the Lair of Beasts)
 o - a +6 ring of strength (right hand)
   (You found it on level 12 of the Dungeon)
 v - a +6 ring of strength (left hand)
   (You found it on level 6 of the Dungeon)
 G - the amulet "Doatz" (around neck) {Reflect rN+ Int+3 Slay+4 SH+5}
   (You found it on level 12 of the Dungeon)

   [amulet of reflection]

   It reflects blocked missile attacks.
   Int:       It affects your intelligence (+3).
   Slay:      It affects your accuracy & damage with ranged weapons and melee
   (+4).
   rN:        It protects you from negative energy.
   SH:        It affects your SH (+5).
Wands
 g - a wand of digging (4)
   (You took it off Robin on level 3 of the Dungeon)
 D - a wand of roots (8)
   (You found it on level 7 of the Dungeon)
 O - a wand of mindburst (7)
   (You found it on level 14 of the Dungeon)
Scrolls
 i - 4 scrolls of enchant weapon
 j - 2 scrolls of fear
 l - 3 scrolls of magic mapping
 m - 4 scrolls of enchant armour
 p - 2 scrolls of immolation
 r - 8 scrolls of identify
 t - 10 scrolls of teleportation
 z - a scroll of blinking
 B - 3 scrolls of silence
 E - 2 scrolls of vulnerability
 H - 2 scrolls of fog
Potions
 b - 5 potions of attraction
 d - 2 potions of might
 f - 13 potions of flight
 h - 2 potions of haste
 n - 3 potions of resistance
 q - 8 potions of curing
 w - a potion of heal wounds
 x - 5 potions of mutation
 A - 3 potions of berserk rage
 K - a potion of invisibility
 L - 5 potions of lignification
Miscellaneous
 C - a tin of tremorstones (2/2)
   (You found it on level 14 of the Dungeon)
 F - a condenser vane
   (You found it on level 13 of the Dungeon)


   Skills:
 + Level 13.7(18.7) Fighting
 - Level 18.0(23.0) Axes
 + Level 13.8(18.8) Armour
 + Level 3.3(8.3) Dodging
 + Level 13.8(18.8) Shields
 - Level 10.0 Invocations
 - Level 6.0 Evocations


You had 14 spell levels left.
You didn't know any spells.
Your spell library was empty.

Dungeon Overview and Level Annotations

Branches:
Dungeon (15/15)            Temple (0/1) D:7            Lair (5/5) D:9
 Shoals (0/4) Lair:2       Spider (0/4) Lair:3        Slime (0/5) Lair:5
    Orc (0/2) D:9          Vaults (0/5) D:14         Depths (0/4) D:15
  Sewer (visited)

Altars:
Fedhas
Hepliaklqana
Kikubaaqudgha
Nemelex Xobeh
Okawaru
Ru
Sif Muna
Vehumet
Xom
Yredelemnul
Jiyva
Lugonu

Shops:
D:5 *   D:9 ?

Portals:
Abyss: Lair:5

Annotations:
D:3 3 runed translucent doors, Rye's ghost, amateur HuMo
D:6 1 transporter, rlgrobin's ghost, novice MeFi
D:15 Agnes
Lair:3 exclusion: oklob plant


Innate Abilities, Weirdness & Mutations

You have a pair of horns on your head.
You reflexively headbutt those who attack you in melee.
You are clumsy. (Dex -2)
Your movements are slightly less encumbered by armour. (ER -2)


Message History

You slice the orc warrior!! You burn the orc warrior.
The orc warrior is almost dead.
You slash the withered plant!
The withered plant begins to crumble.
You burn the withered plant.
The orc warrior hits you with a +0 scimitar!
An orc knight comes into view. It is wielding a +0 great sword.
You closely miss the orc warrior.
The orc knight shouts!
You headbutt the orc warrior.
You kill the orc warrior!
Okawaru accepts your kill.
You slash the withered plant! You burn the withered plant.
A white ugly thing comes into view.
The orc warrior hits you but does no damage.
The orc knight roars a battlecry!
The orcs go into a battle-frenzy!
The orc misses you.
You hear a horrible gurgling sound!
Things that are here:
a +0 scimitar; a +0 chain mail You slash the orc warrior!
You burn the orc warrior.
The orc warrior is heavily wounded.
You slash the withered plant! You burn the withered plant.
You closely miss the orc. You block the orc warrior's attack.
The orc hits you with a +0 hand axe!
You barely miss the orc warrior. Your headbutt misses the orc warrior.
The orc warrior is heavily wounded.
You closely miss the orc. You slash the withered plant!
You burn the withered plant. You slash the ogre! You burn the ogre.
The withered plant crumbles away.
You slash the ogre! You burn the ogre.
You kill the ogre!
Okawaru accepts your kill.
You slash the orc! You burn the orc.
You kill the orc!
You slash the orc warrior! You burn the orc warrior.
You kill the orc warrior!
Okawaru accepts your kill.
You barely miss Agnes. Agnes completely misses you.
A white ugly thing comes into view.
You slice Agnes!! You burn Agnes. You headbutt Agnes.
Agnes is moderately wounded.
You hit the white ugly thing but do no damage.
You block Agnes's attack. Agnes hits you but does no damage.
You slash Agnes! You burn Agnes. You headbutt Agnes.
Agnes is heavily wounded.
You slice the white ugly thing!! You burn the white ugly thing!
The white ugly thing stings you! The white ugly thing freezes you! You resist.
Agnes hits you but does no damage.
You miss Agnes. Your headbutt misses Agnes.
Agnes is heavily wounded.
You barely miss the white ugly thing. Agnes hits you but does no damage.
You miss Agnes.
Agnes is heavily wounded.
You slash the orc knight! You burn the orc knight!
You hit the white ugly thing. You burn the white ugly thing.
Agnes hits you with a +0 lajatang!!
The orc knight hits you but does no damage.
You block Agnes's attack.
You closely miss Agnes. Your headbutt misses Agnes.
Agnes is heavily wounded.
You slash the white ugly thing! You burn the white ugly thing.
You slash the orc knight! You burn the orc knight.
You slash the white ugly thing! You burn the white ugly thing.
You block Agnes's attack.
The white ugly thing gores you but does no damage.
You slash Agnes! You burn Agnes. Your headbutt misses Agnes.
Agnes is severely wounded.
You hit the white ugly thing. You burn the white ugly thing.
You hit the orc knight. You burn the orc knight.
You barely miss the white ugly thing.
The white ugly thing stings you but does no damage.
You block the orc knight's attack. Agnes hits you with a +0 lajatang!!
You are too injured to fight recklessly!
You are too injured to fight recklessly!
You are too injured to fight recklessly!
You are too injured to fight recklessly!
You are too injured to fight recklessly!
You are too injured to fight recklessly!
You are too injured to fight recklessly!
You are too injured to fight recklessly!
You are too injured to fight recklessly!
You are too injured to fight recklessly!
You are too injured to fight recklessly!
You are too injured to fight recklessly!
You are too injured to fight recklessly!
Unknown command.
You gain the combat prowess of a mighty hero.
Agnes hits you but does no damage.
You block the white ugly thing's attack.
The white ugly thing stings you but does no damage.
You block the orc knight's attack. Agnes hits you with a +0 lajatang!!
* * * LOW HITPOINT WARNING * * *
You can now deal lightning-fast blows.
Agnes hits you with a +0 lajatang!!
* * * LOW HITPOINT WARNING * * *
The white ugly thing barely misses you. x2
The orc knight completely misses you. You furiously retaliate!
You headbutt the orc knight! Agnes hits you with a +0 lajatang!!
You die...

##.####.# ##. .... #.#
.. ... #.# #.###.. .?
#.# ##.....###.## #.#
##.....P88P..# #.#
##....u....8..# #.#
#....ouu8..P..#######.#
#..88.@88..P..........#
#8.P...i......##^......
............P.[##.######
#.......>8......#.####
##P....!.88.....)....#
#.....8)....8.##..#.# #
#P....8.......)#..# # #
#P....).......#...# #
...8P........###....###


You could see Agnes, an orc knight and 3 ugly things.

Vanquished Creatures
  Rupert (Lair:3)
  Kirke (D:13)
  3 vault guards (D:14)
  A fire dragon (D:11)
  7 hydras
  A catoblepas (Lair:5)
  3 centaur warriors (D:13)
  4 boulder beetles
  5 two-headed ogres
  2 thrashing horrors (Lair:5)
  A fire crab (Lair:5)
  Sonja (Lair:3)
  6 skeletal warriors
  5 wizards (D:14)
  Pikel (D:4)
  2 necromancers
  2 deep elf pyromancers
  12 ugly things
  A phantasmal warrior (D:15)
  6 cyclopes
  6 manticores
  A frost giant skeleton (D:15)
  A stone giant skeleton (D:15)
  7 elephants
  4 gargoyles
  3 black mambas
  3 smoke demons (Lair:5)
  Maggie (D:6)
  A torpor snail (Lair:3)
  A spriggan zombie (D:15)
  9 cane toads
  3 kobold demonologists (D:13)
  An unseen horror (D:11)
  A rime drake (Lair:4)
  An efreet (D:15)
  4 komodo dragons
  A tengu conjurer (D:11)
  An ancient zyme (Lair:5)
  2 meliai (shapeshifter) (Lair:5)
  2 meliai (D:13)
  2 polar bears
  2 trolls (D:13)
  A wind drake (Lair:2)
  A polar bear (shapeshifter) (Lair:5)
  A hornet (D:10)
  30 blink frogs
  3 large abominations (Lair:5)
  5 slime creatures
  A centaur simulacrum (D:13)
  A ynoxinul (Lair:5)
  2 spriggans (Lair:5)
  15 humans (D:14)
  2 shadows
  21 yaks
  A wyvern (Lair:2)
  6 hogs (D:13)
  A steam dragon (D:7)
  6 basilisks
  A wraith (D:13)
  8 vampire mosquitoes
  2 acid dragons (D:9)
  A glowing shapeshifter zombie (D:15)
  10 water moccasins
  Duvessa (D:6)
  9 orc warriors
  2 ice beasts
  3 black bears
  3 ogres
  24 wolves
  3 centaurs
  A lemure (D:4)
  A phantom (D:6)
  3 kobold brigands
  A necrophage (D:4)
  7 bullfrogs
  A gnoll sergeant (D:6)
  4 scorpions
  Dowan (D:6)
  13 small abominations (Lair:5)
  15 killer bees
  3 electric eels
  5 howler monkeys
  7 hounds
  6 orc priests
  4 iguanas
  19 orc wizards
  Robin (D:3)
  6 river rats (Sewer)
  12 adders
  4 gnolls (D:6)
  3 shadow imps
  3 white imps
  An ufetubus (D:5)
  A worm (Sewer)
  2 dart slugs
  45 orcs
  11 endoplasms
  4 giant cockroaches
  12 goblins
  8 hobgoblins
  14 jackals
  16 kobolds
  10 quokkas
  12 ball pythons
  16 bats
  7 frilled lizards
  5 rats
570 creatures vanquished.

Vanquished Creatures (others)
  17 fungi
  20 plants
  3 withered plants
40 creatures vanquished.

Grand Total: 610 creatures vanquished

Notes
Turn   | Place    | Note
-------+----------+-------------------------------------------
     0 | D:1      | Flugslaktarn the Minotaur Fighter began the quest for the
                  | Orb.
     0 | D:1      | Reached XP level 1. HP: 19/19 MP: 0/0
    74 | D:1      | Reached XP level 2. HP: 12/27 MP: 1/1
   185 | D:1      | Reached skill level 3 in Axes
   556 | D:1      | Found a faded altar of an unknown god.
   566 | D:1      | Prayed at the altar of an unknown god.
   566 | D:1      | Became a worshipper of Warmaster Okawaru
   566 | D:1      | Reached * piety under Okawaru
   756 | D:2      | Reached XP level 3. HP: 33/33 MP: 2/2
  1072 | D:2      | Identified the +2 spear of Internal Strife {venom, rElec
                  | Will+}
  1478 | D:3      | Noticed a black bear
  1482 | D:3      | Killed a black bear
  1482 | D:3      | Reached ** piety under Okawaru
  1483 | D:3      | Reached skill level 4 in Axes
  1483 | D:3      | Reached skill level 1 in Invocations
  1483 | D:3      | Reached XP level 4. HP: 40/41 MP: 2/4
  1483 | D:3      | Reached XP level 5. HP: 46/47 MP: 2/5
  1585 | D:3      | Noticed Robin
  1597 | D:3      | Killed Robin
  1720 | D:3      | Found a runed translucent gate.
  1721 | D:3      | Found a runed translucent gate.
  1722 | D:3      | Found a runed translucent gate.
  1723 | D:3      | Noticed Rye's ghost (amateur HuMo)
  1956 | D:3      | Found a basalt altar of Yredelemnul.
  2084 | D:3      | Reached XP level 6. HP: 53/53 MP: 6/6
  2319 | D:4      | Reached skill level 5 in Axes
  2454 | D:4      | Noticed Pikel
  2472 | D:4      | Killed Pikel
  2472 | D:4      | Reached *** piety under Okawaru
  2473 | D:4      | Reached skill level 5 in Fighting
  2473 | D:4      | Reached skill level 6 in Axes
  2473 | D:4      | Reached skill level 5 in Armour
  2473 | D:4      | Reached skill level 5 in Shields
  2473 | D:4      | Reached XP level 7. HP: 31/61 MP: 5/8
  3296 | D:4      | Gained mutation: You are clumsy. (Dex -2) [potion of
                  | mutation]
  3296 | D:4      | Gained mutation: Your movements are slightly less
                  | encumbered by armour. (ER -2) [potion of mutation]
  3398 | D:5      | Entered Level 5 of the Dungeon
  3410 | D:5      | Identified the +3 sling "Saxaduuc" {speed, rPois Str+2
                  | Dex-4 SInv}
  3614 | D:5      | Found a shimmering altar of Xom.
  3724 | D:5      | Reached XP level 8. HP: 67/70 MP: 9/9
  3790 | D:5      | Found a hazy altar of Hepliaklqana.
  3800 | D:5      | Reached skill level 7 in Axes
  3973 | D:5      | Found a blossoming altar of Fedhas.
  4083 | D:5      | Found Xuckedas's Assorted Antiques.
  4260 | D:6      | Noticed Duvessa
  4260 | D:6      | Noticed Dowan
  4270 | D:6      | Killed Duvessa
  4282 | D:5      | HP: 3/70 [orc warrior/+0 war axe (10)]
  4511 | D:6      | Killed Dowan
  4511 | D:6      | Reached **** piety under Okawaru
  4573 | D:6      | Found a transporter.
  4573 | D:6      | Noticed rlgrobin's ghost (novice MeFi)
  4574 | D:6      | Identified the +5 great mace of Defence by Offence {venom,
                  | rC+ Dex+4}
  4574 | D:6      | Identified the +6 great mace "Rojo Fiymiul" {heavy, Str+2}
  4574 | D:6      | Noticed a two-headed ogre
  4581 | D:6      | Found a glowing drain.
  4592 | Sewer    | Entered a sewer
  4635 | Sewer    | Reached skill level 8 in Axes
  5390 | D:6      | Noticed Maggie
  5403 | D:6      | Killed Maggie
  5403 | D:6      | Reached ***** piety under Okawaru
  5404 | D:6      | Reached XP level 9. HP: 23/78 MP: 11/11
  5862 | D:6      | Reached skill level 9 in Axes
  5889 | D:6      | Found a shimmering blue altar of Sif Muna.
  6584 | D:5      | Bought a scroll labelled LOINEI HIAME for 30 gold pieces
  6974 | D:7      | Reached skill level 5 in Invocations
  7114 | D:7      | Found a staircase to the Ecumenical Temple.
  7197 | D:7      | Identified the +2 buckler of Brilliance {Regen+} (Okawaru
                  | gifted it to you on level 7 of the Dungeon)
  7197 | D:7      | Received a gift from Okawaru
  7198 | D:7      | Reached skill level 10 in Axes
  7302 | D:7      | Found a radiant altar of Vehumet.
  7605 | D:7      | Found a sparkling altar of Nemelex Xobeh.
  7738 | D:5      | Bought a slimy chain mail for 285 gold pieces
  7738 | D:5      | Identified the +1 chain mail "Vuust" {rPois MP+9 Dex+2}
                  | (You bought it in a shop on level 5 of the Dungeon)
  8391 | D:9      | Found a staircase to the Orcish Mines.
  8397 | D:9      | Reached XP level 10. HP: 88/88 MP: 13/13
  8628 | D:9      | Found Miogo's Magic Scroll Boutique.
  8636 | D:9      | Bought a scroll of enchant armour for 112 gold pieces
  8742 | D:9      | Found a staircase to the Lair.
  8916 | D:9      | Reached skill level 11 in Axes
  9159 | D:10     | Entered Level 10 of the Dungeon
  9444 | D:10     | Identified the +0 plate armour of the World {Str+3 Slay+2}
                  | (Okawaru gifted it to you on level 10 of the Dungeon)
  9444 | D:10     | Received a gift from Okawaru
  9597 | D:10     | Noticed a two-headed ogre
  9606 | D:10     | Killed a two-headed ogre
  9607 | D:10     | Reached skill level 12 in Axes
  9618 | D:10     | Noticed a gargoyle
  9629 | D:10     | Killed a gargoyle
  9630 | D:10     | Reached XP level 11. HP: 70/97 MP: 14/14
 10303 | D:11     | Noticed a two-headed ogre
 10312 | D:11     | Killed a two-headed ogre
 10396 | D:11     | Noticed a fire dragon
 10413 | D:11     | Killed a fire dragon
 10566 | D:11     | Identified the +2 robe of the Bulwark {Str-4 SInv Stlth+
                  | Archmagi}
 10695 | D:11     | You fall into a shaft and drop 1 floor!
 10721 | D:12     | Noticed a two-headed ogre
 10730 | D:12     | Killed a two-headed ogre
 10743 | D:12     | Identified the amulet "Doatz" {Reflect rN+ Int+3 Slay+4
                  | SH+5}
 10788 | D:12     | Noticed a skeletal warrior
 10789 | D:12     | Noticed a skeletal warrior
 10791 | D:12     | Noticed a skeletal warrior
 10808 | D:12     | Killed a skeletal warrior
 10819 | D:12     | Killed a skeletal warrior
 10828 | D:12     | Killed a skeletal warrior
 10829 | D:12     | Reached skill level 13 in Axes
 10829 | D:12     | Noticed a skeletal warrior
 10840 | D:12     | Killed a skeletal warrior
 10841 | D:12     | Reached skill level 10 in Armour
 10841 | D:12     | Reached skill level 10 in Shields
 10874 | D:12     | Identified the +6 falchion "Duyfil" {spect, *Rage +Blink
                  | rElec}
 10911 | D:12     | Noticed a cyan ugly thing
 10922 | D:12     | Killed a cyan ugly thing
 10923 | D:12     | Reached skill level 10 in Fighting
 10968 | D:12     | Noticed a purple ugly thing
 10980 | D:12     | Killed a purple ugly thing
 11074 | D:12     | Noticed a two-headed ogre
 11079 | D:12     | Killed a two-headed ogre
 11083 | D:12     | Noticed a two-headed ogre
 11087 | D:12     | Killed a two-headed ogre
 11121 | D:12     | Found an ancient bone altar of Kikubaaqudgha.
 11630 | Lair:1   | Entered Level 1 of the Lair of Beasts
 11772 | Lair:1   | Reached XP level 12. HP: 107/107 MP: 16/16
 12048 | Lair:1   | Reached skill level 1 in Evocations
 12388 | Lair:1   | Identified a scroll of acquirement
 12389 | Lair:1   | Acquired the +1 hat of Cowardice {rElec Will+ Int+5}
 12421 | Lair:2   | Noticed a four-headed hydra
 12438 | Lair:2   | Killed an 11-headed hydra
 12439 | Lair:2   | Reached skill level 14 in Axes
 12439 | Lair:2   | Noticed a five-headed hydra
 12457 | Lair:2   | Killed an eight-headed hydra
 12638 | Lair:2   | Found a staircase to the Shoals.
 12943 | Lair:2   | Received a gift from Okawaru
 13754 | Lair:3   | Found a hole to the Spider Nest.
 13812 | Lair:3   | Reached skill level 15 in Axes
 13970 | Lair:3   | Noticed Rupert
 13980 | Lair:3   | Killed Rupert
 13981 | Lair:3   | Reached XP level 13. HP: 116/116 MP: 10/18
 14131 | Lair:3   | Noticed Sonja
 14134 | Lair:3   | Killed Sonja
 14434 | Lair:4   | Identified the +0 pair of boots of Wasted Space {-Tele rF+
                  | SInv} (Okawaru gifted it to you on level 4 of the Lair of
                  | Beasts)
 14434 | Lair:4   | Received a gift from Okawaru
 14645 | Lair:4   | Identified the +0 helmet of the Meadowlark {Harm rC+}
 15163 | Lair:5   | Entered Level 5 of the Lair of Beasts
 15219 | Lair:5   | Found a sacrificial altar of Ru.
 15383 | Lair:5   | Found a viscous altar of Jiyva.
 15408 | Lair:5   | Found a staircase to the Slime Pits.
 15713 | Lair:5   | Reached skill level 16 in Axes
 15940 | Lair:5   | Identified the +3 hand axe of Wast {freeze, rElec rF+
                  | rCorr} (Okawaru gifted it to you on level 5 of the Lair of
                  | Beasts)
 15940 | Lair:5   | Received a gift from Okawaru
 16036 | Lair:5   | Reached skill level 5 in Evocations
 16144 | Lair:5   | Reached XP level 14. HP: 77/127 MP: 20/20
 16168 | Lair:5   | Found a corrupted altar of Lugonu.
 16168 | Lair:5   | Found a one-way gate to the infinite horrors of the Abyss.
 16637 | D:13     | Noticed Kirke
 16655 | D:13     | Killed Kirke
 16656 | D:13     | Reached skill level 10 in Invocations
 16990 | D:13     | Reached skill level 17 in Axes
 16990 | D:13     | Received a gift from Okawaru
 17550 | D:14     | Identified the +4 war axe of the Lame Duck {flame, rElec
                  | rF- rC+}
 17681 | D:14     | Received a gift from Okawaru
 17889 | D:14     | Reached skill level 1 in Dodging
 17893 | D:14     | Reached skill level 18 in Axes
 17907 | D:14     | Found a gate to the Vaults.
 18053 | D:14     | Received a gift from Okawaru
 18072 | D:15     | Entered Level 15 of the Dungeon
 18109 | D:15     | Reached XP level 15. HP: 122/136 MP: 21/21
 18302 | D:15     | Found a staircase to the Depths.
 18337 | D:15     | Noticed Agnes
 18352 | D:15     | Mangled by Agnes

Illustrated notes

Levels and vault maps discovered:
D:1:      nicolae_arrival_washed_ashore, layout_rooms,
          shapermc_ecumenical_altar_mp_ritualfount
D:2:      layout_loops_corners
D:3:      layout_loops_ring, mainiacjoe_overflow_catwalk,
          ebering_ghost_rock_garden, uniq_robin
D:4:      layout_basic, kennysheep_pointless_box, uniq_pikel
D:5:      layout_cave_pools, fedhas_altar_fruit_tree, serial_shops, shop,
          minmay_misc_feat_encased, hangedman_feature_mirror,
          serial_park_tiny_1, solitary_fountain
D:6:      layout_loops_corners, tgw_sif, portal_sewer_entry_d,
          gammafunk_ghost_smash, uniq_duvessa, uniq_maggie
D:7:      layout_loops_ring, nemelex_dance_club_becter,
          mainiacjoe_overflow_cross_hatched, minmay_temple_entry_enclosed_plants
D:8:      layout_basic, chequers_serial_rivers_micro_d
D:9:      layout_loops_ring, erik_lair_island, david_orc_2, serial_shops, shop,
          grunt_decor_arrowhead
D:10:     layout_loops_ring
D:11:     layout_roguey
D:12:     layout_basic, kiku_gazebo_garden_becter
D:13:     minmay_bubble_buster, layout_cave_pools, minmay_pinched_square,
          uniq_kirke
D:14:     layout_rooms, grunt_vaults_entry_tiered, corexii_corridor_pit
D:15:     gammafunk_depths_entry_grave, layout_loops_ring, serial_shops,
          nicolae_shop_window_shopping, shop, okawaru_altar_gauntlet_db,
          uniq_agnes
Lair:1:   layout_regular_city, grunt_megastairs_3
Lair:2:   layout_cave_pods, minmay_shoals_entry_beasts, grunt_megastairs_2
Lair:3:   layout_regular_city, dummy_spider_entry, serial_bayou_lagoon_b,
          grunt_megastairs_5, lemuel_fruit_tree, uniq_rupert, uniq_sonja
Lair:4:   layout_roguey
Lair:5:   hellmonk_lair_end_abyssal_woods, layout_cellular_growth,
          minmay_slime_entry_pillars, basic_altar, serial_bayou_shore_a,
          serial_bayou_shore_b, infiniplex_staircase_pool

Skill      XL: |  1  2  3  4  5  6  7  8  9 10 11 12 13 14 15 |
---------------+----------------------------------------------+-----
Axes           | 3 4 6 8 10 12 13 15 16 18 | 18.0
Armour         | 4 5 6 8 9 10 11 12 13 | 13.8
Fighting       | 4 5 6 8 9 10 11 12 13 | 13.7
Shields        | 4 5 6 7 9 10 11 12 13 | 13.8
Invocations    | 1 3 4 5 6 7 8 9 10 | 10.0
Evocations     | 3 5 6 |  6.0
Dodging        | 2 3 |  3.3

Action                     |  1- 3 |  4- 6 |  7- 9 | 10-12 | 13-15 || total
---------------------------+-------+-------+-------+-------+-------++-------
  Melee: War axe           |    89 |    70 |   400 |   478 |   513 ||  1550
         Headbutt          |    17 |    12 |    44 |   105 |   125 ||   303
 Invoke: Heroism           |       |     1 |     2 |    13 |    12 ||    28
         Finesse           |       |       |       |     4 |     7 ||    11
  Evoke: Wand              |       |       |     1 |     8 |     4 ||    13
    Use: Potion            |       |       |     5 |     1 |     2 ||     8
         Scroll            |       |       |    16 |     5 |     2 ||    23
 Armour: Scale mail        |    43 |    28 |    31 |       |       ||   102
         Plate armour      |       |       |   238 |    86 |   240 ||   564
         Chain mail        |       |       |     9 |   106 |       ||   115
  Dodge: Dodged            |    40 |    33 |   172 |   140 |   150 ||   535
  Block: Buckler           |    19 |    17 |   105 |   211 |   307 ||   659
         Reflection        |       |       |       |       |    11 ||    11

Table legend: (Time is in decaauts)
 A = Elapsed time spent in this place.
 B = Non-inter-level travel time spent in this place.
 C = Inter-level travel time spent in this place.
 D = Time resting spent in this place.
 E = Time spent auto-exploring this place.
 F = Levels seen in this place.
 G = Mean time per level.
                   A        B        C        D        E       F      G
               +--------+--------+--------+--------+--------+-----+--------+
         Total |  18391 |  17367 |   1024 |   1426 |  12743 |  21 |  875.8 |
       Dungeon |  12851 |  12063 |    788 |   1332 |   8553 |  15 |  856.7 |
          Lair |   4758 |   4523 |    235 |     94 |   3679 |   5 |  951.6 |
         Sewer |    781 |    781 |      0 |      0 |    510 |   1 |  781.0 |
               +--------+--------+--------+--------+--------+-----+--------+

Top non-repeatable levels by time:
     D:6: 1499 daAuts
     D:5: 1239 daAuts
  Lair:5: 1231 daAuts
     D:4: 1144 daAuts
     D:7: 1077 daAuts
  Lair:2: 1072 daAuts
  Lair:3: 950 daAuts
     D:9: 931 daAuts
     D:3: 891 daAuts
    D:10: 876 daAuts
    D:13: 838 daAuts
    D:11: 809 daAuts
     D:2: 803 daAuts
   Sewer: 781 daAuts
  Lair:1: 769 daAuts
